 Dungeon Crawl Stone Soup version 0.26-a0-631-ged93497179 (webtiles) character file.

Game seed: 8408095563134606043

2263 Drevant2 the Basher (level 9, -8/73 HPs)
             Began as a Gargoyle Gladiator on Sept 13, 2020.
             Was a Believer of Makhleb.
             Mangled by an ogre
             ... wielding a +0 giant club
              (14 damage)
             ... on level 6 of the Dungeon.
             The game lasted 00:17:58 (7303 turns).

Drevant2 the Basher (Gargoyle Gladiator)            Turns: 7303, Time: 00:17:59

Health: -8/73      AC: 13    Str: 19    XL:     9   Next: 38%
Magic:  9/9        EV: 13    Int:  9    God:    Makhleb [**....]
Gold:   122        SH: 12    Dex: 13    Spells: 8/8 levels left

rFire    + + .     SeeInvis +   G - +4 morningstar (curse)
rCold    + + +     Faith    .   n - +1 kite shield {rC+ rF+}
rNeg     + . .     Spirit   .   b - +0 leather armour
rPois    ∞         Reflect  .   p - +0 helmet {SInv}
rElec    +         Harm     .   w - +1 cloak "Lyess" {rF+ rC+ MR+}
rCorr    +         Rampage  .   x - +0 pair of gloves
MR       +....                  (no boots)
Stlth    ..........             (no amulet)
HPRegen  0.22/turn              o - ring of protection from cold
MPRegen  0.11/turn              r - ring of resist corrosion

@: berserking, very quick
A: claws 1, talons 1, repulsion field 1, negative energy resistance 1,
electricity resistance, unbreathing, petrification resistance, rot immunity, AC
+6
a: Minor Destruction, Renounce Religion


You were on level 6 of the Dungeon.
You worshipped Makhleb.
Makhleb was pleased with you.
You visited 1 branch of the dungeon, and saw 6 of its levels.

You collected 298 gold pieces.
You spent 176 gold pieces at shops.

Inventory:

Hand Weapons
 a - a +0 flail
 G - a cursed +4 morningstar (weapon)
Missiles
 E - 3 silver javelins (quivered)
Armour
 b - a +0 leather armour (worn)
 c - a +0 helmet
 n - a +1 kite shield of resistance (worn)
 p - a +0 helmet of see invisible (worn)
 w - the +1 cloak "Lyess" (worn) {rF+ rC+ MR+}
   (You found it on level 4 of the Dungeon)

   It protects you from fire.
   It protects you from cold.
   It affects your resistance to hostile enchantments.
 x - a +0 pair of gloves (worn)
Jewellery
 o - a ring of protection from cold (left hand)
 r - a ring of resist corrosion (right hand)
 D - a cursed ring of teleportation {unknown}
Wands
 q - a wand of random effects (21)
Scrolls
 d - 3 scrolls of fog {unknown}
 f - 3 scrolls of fear {unknown}
 i - 3 scrolls of remove curse
 j - 4 scrolls of identify
 k - a scroll of teleportation {unknown}
 l - 2 scrolls of random uselessness {unknown}
 t - a scroll of immolation {unknown}
 v - 3 scrolls of amnesia {unknown}
 y - a scroll of noise {unknown}
Potions
 e - 3 potions of stabbing
 g - a potion of brilliance
 m - 2 potions of lignification {unknown}
 s - 2 potions of degeneration {unknown}
 u - a potion of flight {unknown}
 z - 3 potions of haste {unknown}
 B - 2 potions of might
 C - a potion of curing
 F - a potion of cancellation


   Skills:
 - Level 2.4 Fighting
 * Level 10.3 Maces & Flails
 - Level 2.0 Throwing
 - Level 2.8 Dodging
 + Level 7.2 Shields


You had 8 spell levels left.
You didn't know any spells.
Your spell library contained the following spells:

 Spells                   Type           Power        Failure   Level
 Confusing Touch          Hex            #.......     99%         3
 Gell's Gravitas          Tloc           #.........   99%         3
 Petrify                  Tmut/Erth      #.......     100%        4
 Metabolic Englaciation   Hex/Ice        #.........   100%        5
 Yara's Violent Unravell  Hex/Tmut       #.........   100%        5


Dungeon Overview and Level Annotations

Branches:
Dungeon (6/15)
 Temple: D:4-7

Altars:
Ashenzari
Elyvilon
Makhleb
Trog
The Shining One

Shops:
D:5 =}!


Innate Abilities, Weirdness & Mutations

You are resistant to torment.
Your stone body is resilient. (AC +6)
You are immune to poison.
You resist negative energy. (rN+)
You are resistant to electric shocks. (rElec)
You can survive without breathing.
You are immune to petrification.
You are immune to rotting.
You have sharp fingernails.
You have sharp toenails.
You are surrounded by a mild repulsion field. (EV +2)


Message History

Throwing (i - inventory. (/) - cycle)
h - a throwing net (quivered)
Press: ? - help, Shift-Dir - straight line, f - ogre
Aim: an ogre, wielding a +0 giant club You throw a throwing net.
The throwing net closely misses the ogre.
Throwing (i - inventory)
E - 4 silver javelins (quivered)
Press: ? - help, Shift-Dir - straight line, f/p - ogre
Aim: an ogre, wielding a +0 giant club You throw a silver javelin.
The silver javelin pierces through the ogre but does no damage.
The ogre is lightly wounded.
The ogre hits you with a +0 giant club!! x2
Ouch! That really hurt!
* * * LOW HITPOINT WARNING * * *
A red film seems to cover your vision as you go berserk!
You feel yourself moving faster!
You feel mighty!
You barely miss the ogre. You claw the ogre!
The ogre is heavily wounded.
The ogre hits you with a +0 giant club!
You die...

#####8....##......##.#
##...#######.###.#
#...## #..# #.# ##...#
#.####..
##..######.###..#
#...# #.....##..#
#...# ####.......
###..## #....######
#[@?.# #.#### #..O.^#
# #..?.## #....#
...(## ....## ###..
##.


You could see an ogre.

Vanquished Creatures
  A hippogriff (D:3)
  Eustachio (D:5)
  An ogre (D:5)
  2 phantoms (D:4)
  2 centaurs
  A bullfrog (D:6)
  2 scorpions
  12 wights
  A centaur zombie (D:5)
  2 orc priests
  A hound (D:6)
  6 orc wizards
  Crazy Yiuf (D:5)
  2 iguanas
  4 worker ants (D:4)
  Robin (D:3)
  9 gnolls
  15 adders
  2 white imps
  2 ufetubi
  An ooze (D:1)
  An adder zombie (D:6)
  An adder skeleton (D:4)
  A worm (D:2)
  3 dart slugs
  5 leopard geckos
  23 orcs
  4 ball pythons
  8 bats
  4 giant cockroaches
  12 goblins
  12 hobgoblins
  7 jackals
  7 kobolds
  2 quokkas
  6 frilled lizards
  7 rats
172 creatures vanquished.

Notes
Turn   | Place    | Note
-------+----------+-------------------------------------------
     0 | D:1      | Drevant2 the Gargoyle Gladiator began the quest for the
                  | Orb.
     0 | D:1      | Reached XP level 1. HP: 12/12 MP: 1/1
   243 | D:1      | Reached XP level 2. HP: 15/17 MP: 2/2
   600 | D:1      | Reached XP level 3. HP: 22/22 MP: 3/3
  1673 | D:2      | Reached skill level 4 in Maces & Flails
  1766 | D:2      | Reached XP level 4. HP: 25/27 MP: 4/4
  2107 | D:2      | Reached skill level 1 in Shields
  2210 | D:2      | Found a faded altar of an unknown god.
  2726 | D:3      | Noticed a hippogriff
  2880 | D:3      | Gained mutation: You have sharp fingernails. [potion of
                  | mutation]
  2880 | D:3      | Gained mutation: You are surrounded by a mild repulsion
                  | field. (EV +2) [potion of mutation]
  2880 | D:3      | Gained mutation: You have sharp toenails. [potion of
                  | mutation]
  2882 | D:3      | HP: 1/27 [hippogriff (1)]
  2890 | D:3      | Killed a hippogriff
  2890 | D:3      | Reached skill level 5 in Maces & Flails
  2890 | D:3      | Reached XP level 5. HP: 17/31 MP: 5/5
  2890 | D:3      | Reached XP level 6. HP: 20/36 MP: 6/6
  3213 | D:3      | Reached skill level 6 in Maces & Flails
  3891 | D:3      | Noticed Robin
  3929 | D:3      | Killed Robin
  3929 | D:3      | Reached XP level 7. HP: 34/40 MP: 7/7
  4294 | D:4      | Found a burning altar of Makhleb.
  4304 | D:4      | Became a worshipper of Makhleb the Destroyer
  4485 | D:4      | Reached skill level 7 in Maces & Flails
  4882 | D:4      | Got a distressingly furry cloak
  4895 | D:4      | Identified the +1 cloak "Lyess" {rF+ rC+ MR+} (You found it
                  | on level 4 of the Dungeon)
  5186 | D:4      | Reached XP level 8. HP: 42/45 MP: 8/8
  5425 | D:4      | Reached * piety under Makhleb
  5453 | D:4      | Reached skill level 8 in Maces & Flails
  5571 | D:5      | Entered Level 5 of the Dungeon
  5571 | D:5      | Found Unweo's Gadget Emporium.
  5592 | D:5      | Reached skill level 5 in Shields
  5596 | D:5      | Found Paka's Jewellery Shoppe.
  5627 | D:5      | Noticed Eustachio
  5688 | D:5      | Killed Eustachio
  5839 | D:5      | Found Famag's Distillery.
  5844 | D:5      | Bought a potion of berserk rage for 55 gold pieces
  5844 | D:5      | Bought a potion of might for 44 gold pieces
  5844 | D:5      | Bought a potion of curing for 33 gold pieces
  5844 | D:5      | Bought a potion of might for 44 gold pieces
  6087 | D:5      | Found a white marble altar of Elyvilon.
  6096 | D:5      | Reached skill level 9 in Maces & Flails
  6101 | D:5      | Found a bloodstained altar of Trog.
  6103 | D:5      | Found a shattered altar of Ashenzari.
  6248 | D:5      | Found a runed translucent door.
  6249 | D:5      | Noticed Crazy Yiuf
  6426 | D:5      | Killed Crazy Yiuf
  6741 | D:6      | Reached XP level 9. HP: 49/49 MP: 9/9
  7004 | D:5      | Reached skill level 10 in Maces & Flails
  7149 | D:6      | Reached ** piety under Makhleb
  7168 | D:6      | Found a glowing golden altar of the Shining One.
  7303 | D:6      | Mangled by an ogre

Illustrated notes

Levels and vault maps discovered:
D:1:      zelgadis_glass_arrival_small, layout_basic, serial_forest,
          infiniplex_forest_side_room, infiniplex_forest_end_2,
          infiniplex_forest_lined_3, infiniplex_forest_fountain,
          infiniplex_forest_clump_long, infiniplex_forest_lined_1,
          infiniplex_forest_corner_1, minmay_split_cup_small
D:2:      layout_basic, chequers_ecumenical_altar_simple, minmay_pentomino_v4
D:3:      layout_loops_ring, uniq_robin
D:4:      minmay_bubble_buster, layout_loops_corners, kennysheep_little_box
D:5:      layout_loops_ring, minitemple, serial_shops, shop,
          kennysheep_mini_moat, shop, uniq_crazy_yiuf_cottage, uniq_eustachio
D:6:      layout_rooms, nicolae_tso_carved_into_rock, old_standard_altar,
          minmay_misc_feat_diagonals, uniq_menkaure

Skill      XL: |  1  2  3  4  5  6  7  8  9 |
---------------+----------------------------+-----
Throwing       | 2 |  2.0
Maces & Flails | 4 5 6 7 9 10 | 10.3
Shields        | 2 3 4 6 7 |  7.2
Fighting       | |  2.4
Dodging        | |  2.8

Action                   |  1- 3 |  4- 6 |  7- 9 || total
-------------------------+-------+-------+-------++-------
Melee: Flail             |    99 |   216 |   294 ||   609
       Kick              |       |    27 |   100 ||   127
       Morningstar       |       |       |    99 ||    99
Throw: Throwing net      |       |     3 |     3 ||     6
       Javelin           |       |       |     1 ||     1
  Use: Potion            |       |     6 |     1 ||     7
       Scroll            |       |     3 |       ||     3
 Stab: Sleeping          |     1 |       |     1 ||     2
       Held in net/web   |       |     1 |     1 ||     2
       Invisible         |       |     1 |       ||     1
Armor: Leather armour    |    46 |    72 |    97 ||   215
Dodge: Dodged            |    57 |   103 |   175 ||   335
Block: Kite shield       |    23 |   114 |   210 ||   347

Table legend: (Time is in decaauts)
 A = Elapsed time spent in this place.
 B = Non-inter-level travel time spent in this place.
 C = Inter-level travel time spent in this place.
 D = Time resting spent in this place.
 E = Time spent auto-exploring this place.
 F = Levels seen in this place.
 G = Mean time per level.
                   A        B        C        D        E       F      G
               +--------+--------+--------+--------+--------+-----+--------+
         Total |   7404 |   7041 |    363 |   1888 |   3756 |   6 | 1234.0 |
       Dungeon |   7404 |   7041 |    363 |   1888 |   3756 |   6 | 1234.0 |
               +--------+--------+--------+--------+--------+-----+--------+

Top non-repeatable levels by time:
     D:4: 1519 daAuts
     D:2: 1431 daAuts
     D:1: 1411 daAuts
     D:3: 1296 daAuts
     D:5: 1269 daAuts
     D:6: 475 daAuts
